Map: Dusk Towers

Players

Marsman - Winner!

  • Race: Protoss Protoss
  • League: Master

Miszu

  • Race: Terran Terran
  • League: Master

VOD

Have the link to the VOD?

Description

Time

  • Played on: March 30, 2016, 3:36 p.m.
  • Length: 7:02
Show
View Real Time Build Order
Export as new Build Order

Marsman Protoss - Winner!

Build Orders: 1 Gate Expand, Blink Stalkers 

Get SALT Encoding   

  12  0:00  Probe (Chrono Boost)  
  13  0:11  Probe (Chrono Boost)  
  14  0:18  Pylon  
  14  0:23  Probe (Chrono Boost)  
  15  0:36  Gateway, Probe (Chrono Boost)  
  15  0:42  Assimilator  
  16  0:47  Probe (Chrono Boost)  
  17  0:57  Probe (Chrono Boost)  
  18  1:08  Probe (Chrono Boost)  
  19  1:20  Nexus  
  19  1:30  Cybernetics Core  
  19  1:33  Probe (Chrono Boost)  
  20  1:41  Assimilator  
  20  1:44  Probe (Chrono Boost)  
  21  1:49  Pylon  
  21  1:55  Probe (Chrono Boost)  
  22  2:06  Probe (Chrono Boost)  
  22  2:08  Adept (Chrono Boost)  
  25  2:09  Warp Gate  
  25  2:18  Probe  
  26  2:30  Probe  
  26  2:32  Adept (Chrono Boost)  
  29  2:38  Robotics Facility, Probe  
  29  2:42  Probe  
  31  2:48  Probe  
  32  2:54  Probe (Chrono Boost)  
  33  3:00  Probe (Chrono Boost)  
  33  3:02  Twilight Council  
  34  3:07  Probe (Chrono Boost)  
  34  3:11  Probe (Chrono Boost)  
  36  3:18  Probe (Chrono Boost)  
  37  3:21  Probe (Chrono Boost)  
  37  3:26  Gateway  
  37  3:27  Observer  
  39  3:28  Probe (Chrono Boost)  
  39  3:30  Gateway  
  39  3:32  Probe (Chrono Boost)  
  39  3:33  Blink (Chrono Boost)  
  41  3:40  Probe  
  42  3:41  Mothership Core  
  44  3:53  Probe  
  44  3:54  Pylon, Assimilator  
  44  3:55  Assimilator  
  45  3:58  Observer  
  46  4:04  Pylon  
  46  4:10  Probe  
  46  4:12  Probe  
  48  4:20  Stalker  
  48  4:21  Probe  
  48  4:22  Observer  
  48  4:23  Stalker  
  54  4:24  Probe  
  54  4:27  Pylon  
  55  4:31  Probe  
  55  4:32  Stalker  
  58  4:42  Gateway  
  58  4:44  Gateway  
  58  4:46  Immortal (Chrono Boost)  
  58  4:48  Probe  
  63  4:54  Stalker  
  63  4:59  Stalker  
  67  5:06  Stalker  
  69  5:09  Pylon  
  69  5:17  Pylon  
  69  5:21  Forge  
  69  5:27  Warp Prism (Chrono Boost)  
  71  5:31  Stalker x2  
  75  5:38  Stalker  
  77  5:43  Stalker x2  
  77  5:47  Pylon  
  77  5:49  Pylon  
  81  5:55  Stalker x2  
  85  6:07  Pylon  
  85  6:20  Stalker x2  
  85  6:21  Stalker x3  
  94  6:27  Pylon  
  94  6:45  Stalker  
  94  6:46  Stalker x4  
Show
View Real Time Build Order
Export as new Build Order

Miszu Terran 

Build Orders: Reaper Expand 

Get SALT Encoding   

  12  0:00  SCV  
  13  0:13  SCV  
  14  0:19  Supply Depot  
  14  0:25  SCV  
  15  0:40  SCV  
  16  0:43  Barracks  
  16  0:47  Refinery  
  16  0:52  SCV  
  17  1:05  SCV  
  18  1:17  SCV  
  19  1:29  Orbital Command  
  19  1:31  Reaper  
  20  1:39  Command Center  
  20  1:46  Supply Depot  
  20  1:55  SCV  
  21  2:04  Refinery  
  21  2:08  SCV  
  22  2:09  Marine  
  22  2:12  Factory  
  23  2:20  SCV  
  24  2:26  Marine  
  25  2:32  SCV  
  26  2:44  Marine, SCV  
  26  2:48  Factory  
  28  2:55  Factory Tech Lab  
  28  2:56  SCV  
  29  2:58  Orbital Command  
  29  3:03  Barracks Reactor  
  28  3:08  SCV  
  29  3:18  Cyclone  
  32  3:20  SCV  
  32  3:21  Engineering Bay  
  32  3:25  SCV  
  34  3:32  SCV  
  35  3:38  SCV  
  36  3:42  Hellion  
  36  3:43  Hellion  
  36  3:45  SCV  
  41  3:50  Cyclone, SCV  
  41  3:51  Supply Depot  
  41  3:52  Supply Depot  
  45  3:57  SCV  
  45  3:59  Supply Depot  
  46  4:12  Hellion x2, SCV x2  
  52  4:22  Cyclone  
  55  4:24  SCV x2  
  55  4:30  Command Center  
  57  4:35  Hellion  
  57  4:36  Hellion  
  57  4:38  SCV  
  62  4:42  SCV  
  63  4:49  Armory  
  63  4:50  SCV  
  63  4:51  Refinery  
  63  4:52  Refinery  
  64  4:54  SCV  
  64  4:59  Cyclone  
  68  5:02  SCV  
  68  5:06  SCV  
  70  5:17  Supply Depot x2  
  70  5:20  Supply Depot  
  70  5:23  Factory  
  70  5:38  Hellion x2, Cyclone, SCV  
  70  5:39  SCV  
  79  5:46  Orbital Command  
  79  5:50  SCV  
  79  5:51  SCV  
  79  5:55  Barracks Reactor  
  81  6:00  Hellion x2  
  81  6:02  SCV  
  86  6:10  SCV  
  86  6:14  SCV  
  85  6:23  Cyclone, Orbital Command  
  85  6:24  Hellion x2  
  94  6:31  Factory Tech Lab  
  76  6:43  SCV  
Tags
 
Add a new tag
Caveats
  • Supply blocks, unpowered buildings, or Contaminate may cause inaccurate times.
  • Supply counts are checked every 10 seconds.